 Dungeon Crawl Stone Soup version 0.20.1-1-g8b1a95d (webtiles) character file.

1548 gobwax the Firebug (level 8, -4/46 HPs)
             Began as an Octopode Fire Elementalist on Aug 21, 2017.
             Was a Follower of Vehumet.
             Killed by divine providence
             ... invoked by an orc priest
              (14 damage)
             ... on level 6 of the Dungeon.
             The game lasted 00:14:33 (6182 turns).

gobwax the Firebug (Octopode Fire Elementalist)     Turns: 6182, Time: 00:14:34

Health: -4/46      AC:  4    Str:  7    XL:     8   Next: 87%
Magic:  2/17       EV: 16    Int: 20    God:    Vehumet [*.....]
Gold:   334        SH:  0    Dex: 12    Spells: 9/19 levels left

rFire    + . .     SeeInvis +   z - +2 short sword (vamp)
rCold    + . .     Gourm    .   (no shield)
rNeg     . . .     Faith    .   m - +2 hat
rPois    .         Spirit   .   (no amulet)
rElec    +         Reflect  .   e - ring of see invisible
rCorr    .         Harm     .   l - +3 ring of evasion
MR       .....     Rnd*Tele +   r - ring of teleportation
Stlth    +++.......             (no ring)
Regen    0.2/turn               (no ring)
MPRegen  0.2/turn               (no ring)
                                (no ring)
                                (no ring)

@: very slightly contaminated
A: almost no armour, stealthy swim, amphibious, 8 rings, constrict 8, antennae
1, camouflage 1, cold resistance 1, fire resistance 1, screaming 1, shaggy fur
1, electricity resistance, gelatinous body 1
a: Renounce Religion


You were on level 6 of the Dungeon.
You worshipped Vehumet.
Vehumet was aware of your devotion.
You were not hungry.

You visited 2 branches of the dungeon, and saw 7 of its levels.

You collected 334 gold pieces.

Inventory:

Hand Weapons
 o - a +1 morningstar of holy wrath
 z - a +2 vampiric short sword (weapon)
 A - a +0 flail
Armour
 m - a +2 hat (worn)
Jewellery
 e - a ring of see invisible (left tentacle)
 k - a +3 ring of intelligence {unknown}
 l - a +3 ring of evasion (right tentacle)
 r - a ring of teleportation (on tentacle)
Wands
 h - a wand of flame (11/48)
Scrolls
 c - 2 scrolls of identify
 f - 2 scrolls of magic mapping
 u - a scroll of remove curse
 v - 2 scrolls of enchant weapon {unknown}
 w - a scroll of amnesia {unknown}
 x - a scroll of noise {unknown}
 y - a scroll of random uselessness {unknown}
Potions
 d - 2 potions of curing
 i - 2 potions of might
 j - a potion of haste {unknown}
 n - 2 potions of ambrosia {unknown}
 p - a potion of brilliance {unknown}
 t - 2 potions of heal wounds
Books
 a - a book of Flames

   Spells                             Type                      Level
   a - Flame Tongue                   Conjuration/Fire             1
   b - Throw Flame                    Conjuration/Fire             2
   c - Conjure Flame                  Conjuration/Fire             3
   d - Inner Flame                    Hexes/Fire                   3
   e - Sticky Flame                   Conjuration/Fire             4
   f - Fireball                       Conjuration/Fire             5
Comestibles
 b - 2 bread rations
 q - 3 fruits
 s - 4 meat rations


   Skills:
 - Level 2.0 Dodging
 - Level 2.6 Stealth
 + Level 6.2 Spellcasting
 + Level 5.7 Conjurations
 + Level 7.1 Fire Magic


You had 9 spell levels left.
You knew the following spells:

 Your Spells              Type           Power        Failure   Level  Hunger
a - Flame Tongue          Conj/Fire      ####.        1%          1    None
b - Throw Flame           Conj/Fire      ####..       1%          2    None
c - Conjure Flame         Conj/Fire      ####....     2%          3    ##.....
d - Sticky Flame          Conj/Fire      ####....     7%          4    ####...


Dungeon Overview and Level Annotations

Branches:
Dungeon (6/15)             Temple (1/1) D:4

Altars:
Ashenzari
Cheibriados
Dithmenos
Elyvilon
Fedhas
Gozag
Hepliaklqana
Kikubaaqudgha
Makhleb
Nemelex Xobeh
Okawaru
Qazlal
Ru
Sif Muna
Uskayaw
Vehumet
Xom
Zin
The Shining One


Innate Abilities, Weirdness & Mutations

You cannot wear most types of armour.
You are very stealthy in the water. (Stealth+)
You are amphibious.
You can wear up to eight rings at the same time.
You can use your tentacles to constrict eight enemies at once.
Your skin changes colour to match your surroundings (Stealth+).
Your rubbery body absorbs attacks. (AC +1, EV +1)
You have a pair of small antennae on your head.
Your flesh is cold resistant. (rC+)
Your flesh is heat resistant. (rF+)
You occasionally shout uncontrollably at your foes.
You are covered in fur. (AC +1)
You are resistant to electric shocks. (rElec)


Message History

The centaur is almost dead.
The centaur burns!
You kill the centaur!
Vehumet accepts your kill.
The giant cockroach bites you but does no damage.
The giant cockroach barely misses you.
A - a flail The orc priest hits you with a flail!
* * * LOW HITPOINT WARNING * * *
The giant cockroach misses you. The ogre closely misses you.
Blink to where?
Press: ? - help, Dir - move target cursor You are very lightly contaminated with residual magic.
As you read the scroll of blinking, it crumbles to dust.
The orc priest mumbles some strange prayers to Beogh against you.
Pain shoots through your body!
* * * LOW HITPOINT WARNING * * *
The orc priest mumbles some strange prayers to Beogh against you.
Beogh smites you!
You die...

#.oOo##.##...### .#
#.s.o##o#..#.# ..
#######o..##.# .[ #...###..
.. ####.o## ##.## #....O#
...## #.###.# ##... ##.# #.#
#..# #..# #@# ##..##
######.####.######..<.######
#..........#........>........
#............###....##.######
#..........#.# #.### #.#
############.# # # #.#
#####.# .# #.### #.....# .#
#...# #.##.##..# ###.#


You could see an ogre, an orc priest and 2 orcs.

Vanquished Creatures
  Grinder (D:4)
  Menkaure (D:4)
  4 ogres
  A centaur (D:6)
  2 bullfrogs (D:6)
  A scorpion (D:5)
  2 crimson imps (D:5)
  A hound (D:6)
  2 orc priests (D:5)
  2 bullfrog skeletons
  3 orc wizards
  2 iguanas (D:5)
  4 worker ants
  Robin (D:5)
  4 adders (D:2)
  2 howler monkey skeletons
  An ooze (D:4)
  5 worms
  A dart slug (D:1)
  5 leopard geckos
  13 orcs
  5 bats
  7 giant cockroaches
  14 goblins
  8 hobgoblins
  6 jackals
  3 quokkas
  A ball python (D:5)
  8 frilled lizards
  2 jackal skeletons
  7 kobolds
  7 rats
126 creatures vanquished.

Notes
Turn   | Place    | Note
-------+----------+-------------------------------------------
     0 | D:1      | gobwax the Octopode Fire Elementalist began the quest for the Orb.
     0 | D:1      | Reached XP level 1. HP: 11/11 MP: 3/3
   488 | D:1      | Reached XP level 2. HP: 16/17 MP: 0/5
  1106 | D:2      | Reached XP level 3. HP: 21/21 MP: 2/6
  1297 | D:2      | Reached skill level 4 in Fire Magic
  1559 | D:2      | Reached XP level 4. HP: 27/27 MP: 4/7
  1655 | D:2      | Found an iron altar of Okawaru.
  2138 | D:3      | Reached XP level 5. HP: 23/31 MP: 3/9
  3201 | D:3      | Noticed an ogre
  3209 | D:3      | Killed an ogre
  3209 | D:3      | Reached skill level 5 in Fire Magic
  3209 | D:3      | Reached XP level 6. HP: 36/36 MP: 2/11
  3452 | D:4      | Learned a level 2 spell: Throw Flame
  3456 | D:4      | Learned a level 3 spell: Conjure Flame
  3704 | D:4      | Noticed Robin
  3710 | D:4      | Noticed Menkaure
  3724 | D:5      | Entered Level 5 of the Dungeon
  3727 | D:5      | Killed Robin
  3871 | D:4      | Reached XP level 7. HP: 14/41 MP: 13/13
  3879 | D:4      | Gained mutation: Your magical capacity is low. (-10% MP) [potion of mutation]
  3879 | D:4      | Gained mutation: Your flesh is heat resistant. (rF+) [potion of mutation]
  3879 | D:4      | Gained mutation: Your flesh is cold resistant. (rC+) [potion of mutation]
  4231 | D:4      | Noticed Grinder
  4250 | D:4      | Paralysed by Grinder for 3 turns
  4262 | D:4      | Killed Grinder
  4384 | D:4      | Found a staircase to the Ecumenical Temple.
  4413 | Temple   | Entered the Ecumenical Temple
  4479 | Temple   | Became a worshipper of Vehumet
  4604 | D:4      | Killed Menkaure
  4604 | D:4      | Reached skill level 5 in Spellcasting
  4604 | D:4      | Reached skill level 6 in Fire Magic
  4991 | D:5      | Reached XP level 8. HP: 46/46 MP: 7/14
  5158 | D:5      | HP: 2/46 [iguana (11)]
  5256 | D:5      | HP: 2/46 [orc/stone (2)]
  5565 | D:5      | Reached skill level 5 in Conjurations
  5879 | D:5      | Lost mutation: Your magical capacity is low. (-10% MP) [potion of mutation]
  5879 | D:5      | Gained mutation: You occasionally shout uncontrollably at your foes. [potion of mutation]
  5879 | D:5      | Gained mutation: You are covered in fur. (AC +1) [potion of mutation]
  5879 | D:5      | Gained mutation: You are resistant to electric shocks. (rElec) [potion of mutation]
  5879 | D:5      | Gained mutation: You have a pair of small antennae on your head. [potion of mutation]
  5945 | D:6      | Learned a level 4 spell: Sticky Flame
  6098 | D:6      | Reached * piety under Vehumet
  6098 | D:6      | Offered knowledge of Sting by Vehumet.
  6105 | D:6      | Found a shattered altar of Ashenzari.
  6163 | D:6      | Reached skill level 7 in Fire Magic
  6182 | D:6      | Killed from afar by an orc priest

Skill      XL: |  1  2  3  4  5  6  7  8 |
---------------+-------------------------+-----
Fire Magic     | 4 5 6 7 |  7.1
Spellcasting   | 3 4 5 6 |  6.2
Conjurations   | 2 3 4 5 |  5.7
Dodging        | |  2.0
Stealth        | |  2.6

Action                   |  1- 3 |  4- 6 |  7- 9 || total
-------------------------+-------+-------+-------++-------
Melee: Unarmed           |     8 |    41 |       ||    49
       Constrict         |     3 |    11 |    19 ||    33
       Tentacles         |     3 |     7 |    23 ||    33
       Short sword       |       |     7 |    88 ||    95
 Cast: Flame Tongue      |    45 |    90 |    40 ||   175
       Throw Flame       |       |       |    15 ||    15
       Conjure Flame     |       |       |     4 ||     4
       Sticky Flame      |       |       |     3 ||     3
  Use: Potion            |       |       |     9 ||     9
       Scroll            |       |       |    10 ||    10
 Stab: Sleeping          |     1 |     5 |     3 ||     9
  Eat: Chunk             |     2 |     7 |     8 ||    17
       Bread ration      |       |     1 |       ||     1
Armor: Skin              |     3 |     7 |     7 ||    17
Dodge: Dodged            |    19 |    83 |   107 ||   209
